 Dungeon Crawl Stone Soup version 0.26.1-10-gdfb7c7de75 (webtiles) character file.

Game seed: 5930928163215375177

756 Tirrikindir the Sneak (level 7, 0/45 HPs)
             Began as an Octopode Brigand on Apr 9, 2021.
             Succumbed to a worker ant's poison
             ... on level 3 of the Dungeon.
             The game lasted 00:11:01 (4412 turns).

Tirrikindir the Sneak (Octopode Brigand)            Turns: 4412, Time: 00:11:01

Health: 0/45       AC:  1    Str: 12      XL:     7   Next: 79%
Magic:  7/7        EV: 14    Int: 12 (13) God:
Gold:   186        SH:  0    Dex: 12 (14) Spells: 6/6 levels left

rFire    . . .     SeeInvis +   n - +2 short sword (venom)
rCold    . . .     Faith    .   (no shield)
rNeg     . . .     Spirit   .   (helmet restricted)
rPois    .         Reflect  .   h - amulet of magic regeneration
rElec    .         Harm     .   k - ring of see invisible
rCorr    .         Rampage  .   (no ring)
Will     .....                  (no ring)
Stlth    ++++......             (no ring)
HPRegen  0.15/turn              (no ring)
MPRegen  0.35/turn              (no ring)
                                (no ring)
                                (no ring)

@: lethally poisoned (0 -> -1), berserk cooldown, slowed, very slow
A: almost no armour, stealthy swim, amphibious, 8 rings, constrict 8, camouflage
1, gelatinous body 1
a: no special abilities


You were on level 3 of the Dungeon.
You visited 1 branch of the dungeon, and saw 4 of its levels.

You collected 186 gold pieces.

Inventory:

Hand Weapons
 n - a +2 short sword of venom (weapon)
Missiles
 b - 51 poisoned darts (quivered)
 c - 2 curare-tipped darts
 i - 5 boomerangs
Jewellery
 h - an amulet of magic regeneration (around mantle)
 k - a ring of see invisible (left tentacle)
Wands
 f - a wand of random effects (43)
 g - a wand of flame (23)
Scrolls
 a - 3 scrolls of remove curse
 e - 5 scrolls of teleportation
 m - a scroll of identify
Potions
 j - a potion of brilliance


   Skills:
 - Level 2.0 Fighting
 - Level 2.0(3.8) Short Blades
 * Level 5.1(5.3) Long Blades
 + Level 4.1 Throwing
 - Level 3.0 Dodging
 + Level 7.5 Stealth
 + Level 2.1 Evocations


You had 6 spell levels left.
You didn't know any spells.
Your spell library was empty.

Dungeon Overview and Level Annotations

Branches:
Dungeon (4/15)
 Temple: D:4-7

Altars:
Wu Jian


Innate Abilities, Weirdness & Mutations

You cannot wear most types of armour.
You are very stealthy in the water. (Stealth+)
You are amphibious.
You can wear up to eight rings at the same time.
You can use your tentacles to constrict eight enemies at once.
Your skin changes colour to match your surroundings (Stealth+).
Your rubbery body absorbs attacks. (AC +1, EV +1)


Message History

* * * LOW HITPOINT WARNING * * *
You feel sick.
There is a stone staircase leading down here.
There is a lethal amount of poison in your body!
Okay, then.
* * * LOW HITPOINT WARNING * * *
You feel sick.
* * * LOW HITPOINT WARNING * * *
You feel sick.
* * * LOW HITPOINT WARNING * * *
You feel sick.
* * * LOW HITPOINT WARNING * * *
You feel sick.
* * * LOW HITPOINT WARNING * * *
You feel sick.
* * * LOW HITPOINT WARNING * * *
You feel sick.
* * * LOW HITPOINT WARNING * * *
You feel sick.
You die...

.......# .......######
.......#....# #.....##....#
.......#....### .......#......#
.<.....#....#.#############
#......#..................####
##...#..........@...###......#
.#.####.............# #......#
...........#........###......####
.......##..#.........##.##.......
#.###......#..................###
..............<..............)#
..................#..##.......###
..##.#####..............####.....
####.## #).#######..........>...


There were no monsters in sight!

Vanquished Creatures
  An ogre (D:4)
  A bullfrog (D:4)
  A bullfrog zombie (D:4)
  A hound (D:4)
  2 orc priests
  Ijyb (D:3)
  Terence (D:2)
  Natasha (thrice) (D:2)
  4 orc wizards
  9 gnolls
  5 adders
  3 oozes
  4 worms
  3 dart slugs
  4 leopard geckos (D:1)
  11 orcs
  7 giant cockroaches
  8 goblins
  4 hobgoblins
  8 jackals (D:1)
  2 quokkas
  A ball python (D:2)
  8 bats
  2 frilled lizards (D:1)
  6 kobolds
  4 rats
104 creatures vanquished.

Notes
Turn   | Place    | Note
-------+----------+-------------------------------------------
     0 | D:1      | Tirrikindir the Octopode Brigand began the quest for the
                  | Orb.
     0 | D:1      | Reached XP level 1. HP: 14/14 MP: 1/1
     1 | D:1      | Found a runed translucent door.
    75 | D:1      | Reached XP level 2. HP: 13/19 MP: 2/2
   183 | D:1      | Reached skill level 1 in Long Blades
   362 | D:1      | Reached XP level 3. HP: 23/24 MP: 3/3
  1399 | D:2      | You fall into a shaft and drop 2 floors!
  1428 | D:4      | Noticed a bullfrog
  1434 | D:4      | Killed a bullfrog
  1435 | D:4      | Reached skill level 6 in Stealth
  1435 | D:4      | Reached XP level 4. HP: 29/29 MP: 4/4
  1435 | D:4      | Reached XP level 5. HP: 34/34 MP: 5/5
  1557 | D:4      | Noticed an ogre
  1570 | D:4      | Killed an ogre
  1571 | D:4      | Reached XP level 6. HP: 39/39 MP: 6/6
  2065 | D:2      | Noticed Terence
  2082 | D:2      | Killed Terence
  2186 | D:2      | Noticed Natasha
  2803 | D:2      | Killed Natasha
  2814 | D:2      | You fall into a shaft and drop 1 floor!
  2837 | D:3      | Reached XP level 7. HP: 45/45 MP: 7/7
  2871 | D:3      | Reached skill level 7 in Stealth
  2871 | D:3      | Reached skill level 1 in Evocations
  3324 | D:2      | Noticed Natasha
  3328 | D:2      | Killed Natasha
  3686 | D:2      | Noticed Natasha
  3698 | D:2      | Killed Natasha
  3819 | D:3      | Noticed Ijyb
  3836 | D:3      | Killed Ijyb
  4374 | D:4      | Found an ornate altar of the Wu Jian Council.
  4384 | D:4      | Reached skill level 5 in Long Blades
  4403 | D:3      | HP: 2/45 [poisoned by a worker ant]
  4409 | D:3      | HP: 1/45 [poisoned by a worker ant]
  4412 | D:3      | Succumbed to a worker ant's poison

Illustrated notes

Levels and vault maps discovered:
D:1:      dpeg_arrival_caged_fury, layout_basic
D:2:      layout_basic, uniq_terence, uniq_natasha
D:3:      layout_rooms, serial_bayou_crossing, uniq_ijyb
D:4:      lemuel_upstairs_altar, layout_loops_corners, old_standard_altar

Skill      XL: |  1  2  3  4  5  6  7 |
---------------+----------------------+-----
Long Blades    | 1 2 3 4 5 |  5.1
Dodging        | 2 3 |  3.0
Stealth        | 6 7 |  7.5
Throwing       | 3 4 |  4.1
Evocations     | 2 |  2.1
Fighting       | |  2.0
Short Blades   | |  2.0

Action                   |  1- 3 |  4- 6 |  7- 9 || total
-------------------------+-------+-------+-------++-------
Melee: Dagger            |    59 |   116 |   100 ||   275
       Constrict         |    11 |    18 |    29 ||    58
       Tentacles         |     7 |    25 |    23 ||    55
       Short sword       |       |       |    15 ||    15
Throw: Dart              |       |    11 |    14 ||    25
  Use: Scroll            |     3 |     5 |     2 ||    10
       Potion            |       |     3 |     2 ||     5
 Stab: Sleeping          |    18 |     6 |     3 ||    27
Armor: Skin              |     2 |     2 |     9 ||    13
Dodge: Dodged            |    24 |    51 |    54 ||   129
